Map: New Repugnancy LE

Players

Serral - Winner!

  • Race: Zerg Zerg
  • League: Grandmaster
  • Spawn Location: 1:00

llllllllllll (Oliveira)

  • Race: Terran Terran
  • League: Master
  • Spawn Location: 7:00

Event: 2019 Assembly Summer

VOD

Have the link to the VOD?

Description

Time

  • Played on: Aug. 3, 2019, 9:29 a.m.
  • Length: 19:34

All games in this series

Show
View Real Time Build Order
Export as new Build Order

Serral Zerg - Winner!

Build Orders: Hatch First, Swarm Host 

Get SALT Encoding   

  12  0:00  Drone  
  13  0:13  Overlord  
  13  0:17  Drone  
  14  0:31  Drone x2  
  16  0:48  Hatchery  
  15  0:52  Drone  
  15  0:55  Drone  
  17  0:59  Drone  
  18  1:09  Extractor  
  17  1:15  Spawning Pool  
  17  1:17  Drone  
  17  1:20  Drone  
  18  1:29  Drone  
  20  1:40  Drone  
  20  1:50  Overlord  
  20  2:01  Queen x2  
  20  2:02  Zergling x4  
  26  2:12  Metabolic Boost  
  26  2:14  Drone x2  
  28  2:21  Spore Crawler  
  28  2:23  Drone x2  
  28  2:27  Spore Crawler  
  28  2:34  Zergling x2  
  28  2:37  Queen  
  32  2:45  Spine Crawler  
  32  2:47  Queen  
  32  2:53  Zergling x4  
  32  2:57  Overlord  
  34  3:03  Zergling x4  
  36  3:16  Queen  
  37  3:20  Zergling x8  
  41  3:29  Drone  
  41  3:30  Drone  
  41  3:31  Overlord  
  43  3:52  Overlord  
  43  3:54  Hatchery  
  43  3:55  Drone x2  
  44  3:58  Drone  
  44  3:59  Drone  
  44  4:01  Drone  
  47  4:04  Drone  
  47  4:08  Overlord  
  48  4:12  Drone  
  48  4:13  Drone  
  48  4:15  Drone  
  51  4:25  Drone, Baneling Nest  
  51  4:26  Overlord  
  51  4:31  Drone x3  
  53  4:33  Drone  
  54  4:40  Drone x3  
  57  4:48  Zergling x2, Extractor  
  57  4:52  Drone  
  58  4:56  Zergling x4  
  58  4:57  Drone  
  61  5:03  Drone x3  
  61  5:06  Queen  
  66  5:11  Baneling x4  
  66  5:13  Zergling x2  
  66  5:14  Zergling x6  
  69  5:16  Baneling, Queen  
  69  5:19  Queen  
  69  5:20  Extractor  
  72  5:22  Drone  
  73  5:34  Zergling x14  
  71  5:36  Drone x2  
  71  5:39  Drone  
  73  5:43  Lair  
  73  5:48  Spore Crawler  
  72  5:50  Spore Crawler x2  
  72  5:51  Baneling  
  70  5:57  Baneling x2  
  70  6:02  Baneling x2  
  71  6:04  Drone x4  
  71  6:07  Roach Warren  
  71  6:08  Overlord  
  71  6:10  Overlord  
  73  6:12  Baneling  
  73  6:15  Overlord  
  73  6:20  Overlord  
  73  6:22  Drone  
  74  6:28  Baneling x2  
  74  6:29  Baneling x2  
  74  6:30  Spore Crawler  
  74  6:32  Zergling x10  
  78  6:34  Drone  
  78  6:35  Drone  
  78  6:38  Drone  
  78  6:39  Drone  
  83  6:40  Drone  
  83  6:41  Drone  
  83  6:45  Overseer  
  83  6:46  Overseer  
  83  6:48  Drone x3  
  83  6:52  Glial Reconstitution  
  87  6:59  Roach x2  
  87  7:00  Roach x3  
  97  7:06  Overlord  
  97  7:09  Queen x2  
  97  7:13  Queen  
  97  7:14  Drone  
  104  7:17  Drone  
  104  7:20  Extractor  
  104  7:21  Overlord x2  
  104  7:26  Evolution Chamber  
  104  7:29  Baneling x4  
  103  7:31  Drone x2  
  103  7:34  Drone x5  
  108  7:42  Centrifical Hooks  
  108  7:43  Drone x4  
  111  7:51  Drone x2  
  111  7:57  Zerg Missile Weapons Level 1  
  111  7:58  Extractor  
  112  8:00  Evolution Chamber  
  112  8:01  Drone x4, Extractor  
  112  8:02  Infestation Pit  
  112  8:03  Roach x2  
  115  8:08  Roach  
  115  8:12  Roach  
  119  8:15  Roach  
  119  8:16  Ravager  
  119  8:17  Ravager  
  123  8:23  Spore Crawler  
  123  8:24  Drone x2  
  124  8:29  Ravager x2  
  124  8:31  Baneling x2  
  124  8:32  Zergling x6  
  129  8:34  Overlord x2  
  129  8:39  Baneling  
  129  8:40  Baneling x3  
  129  8:42  Overlord x2  
  129  8:43  Hatchery, Overlord x2  
  125  8:58  Roach x3, Zergling x18  
  123  9:17  Infestor x3  
  123  9:19  Hatchery  
  123  9:20  Zergling x14  
  133  9:30  Pneumatized Carapace, Hydralisk Den  
  123  9:31  Overseer  
  123  9:38  Spore Crawler, Drone x2  
  122  9:39  Ravager x2  
  122  9:40  Drone x3  
  126  9:48  Ravager  
  126  9:49  Ravager  
  126  9:52  Spore Crawler  
  127  9:53  Drone x4  
  127  9:54  Spore Crawler  
  130  10:10  Zerg Missile Weapons Level 2, Zerg Melee Weapons Level 1  
  123  10:22  Roach x3  
  123  10:23  Roach, Zergling x18  
  123  10:28  Spore Crawler, Drone x4  
  142  10:30  Ravager x2  
  142  10:32  Muscular Augments  
  144  10:38  Queen  
  144  10:39  Extractor x2  
  144  10:41  Drone x6  
  150  10:46  Spine Crawler  
  149  10:51  Baneling x2  
  149  10:52  Baneling x3, Overlord x2  
  149  10:54  Hive  
  149  10:59  Drone x2  
  149  11:01  Baneling x9  
  151  11:07  Drone  
  152  11:13  Roach x3  
  152  11:14  Roach, Zergling x2  
  152  11:15  Hatchery  
  160  11:23  Drone x2  
  160  11:24  Drone x2  
  161  11:31  Hydralisk x3  
  162  11:40  Overlord  
  162  11:41  Swarm Host x5  
  162  11:43  Grooved Spines  
  171  11:56  Spore Crawler  
  171  11:59  Swarm Host x8  
  193  12:06  Zergling x8  
  197  12:15  Ravager x2  
  199  12:18  Overseer, Extractor  
  199  12:19  Extractor  
  197  12:23  Zerg Melee Weapons Level 2  
  169  12:39  Hydralisk x6  
  169  12:40  Zergling x2  
  168  12:50  Roach x2, Zergling x4  
  168  12:51  Roach, Zergling x14  
  149  13:00  Roach x11  
  164  13:16  Hydralisk x2  
  164  13:17  Hydralisk  
  164  13:19  Viper x2  
  170  13:20  Viper  
  170  13:21  Drone x2  
  181  13:29  Baneling x10  
  181  13:33  Drone x3  
  183  13:50  Viper x2  
  183  13:52  Baneling  
  183  13:53  Baneling x3, Zergling x2, Spine Crawler  
  183  13:54  Overlord  
  183  13:55  Overlord x2  
  189  13:59  Overlord  
  189  14:06  Viper  
  189  14:08  Viper  
  177  14:10  Zergling x24  
  177  14:13  Drone  
  177  14:14  Drone x2  
  177  14:16  Spire  
  188  14:29  Viper  
  188  14:30  Viper  
  192  14:35  Drone x3, Baneling x4  
  192  14:36  Drone  
  192  14:45  Zerg Missile Weapons Level 3  
  192  14:46  Swarm Host x2  
  196  14:57  Swarm Host  
  199  15:03  Spine Crawler  
  199  15:04  Spore Crawler  
  195  15:12  Hydralisk x4  
  195  15:14  Baneling x7  
  194  15:29  Hydralisk x3  
  194  15:30  Hydralisk  
  194  15:33  Zerg Melee Weapons Level 3  
  194  15:35  Zergling x6  
  200  15:40  Overseer  
  200  15:43  Greater Spire  
  200  15:46  Baneling x2  
  194  15:50  Hydralisk x3, Zergling x4  
  194  15:55  Hatchery  
  191  16:11  Hydralisk x2  
  191  16:12  Hydralisk, Zergling x6  
  191  16:14  Overseer  
  191  16:15  Overseer  
  200  16:22  Overseer x2  
  200  16:25  Pathogen Glands, Burrow  
  198  16:34  Extractor  
  198  16:36  Extractor  
  198  16:37  Overlord  
  198  16:38  Overlord  
  198  16:39  Overlord  
  196  16:40  Nydus Network  
  196  16:44  Baneling x8  
  196  16:45  Zergling x10  
  200  16:51  Extractor  
  199  17:04  Baneling x3  
  199  17:05  Baneling x7  
  199  17:14  Corruptor x7  
  200  17:22  Zerg Ground Armor Level 1, Neural Parasite  
  198  17:28  Spore Crawler  
  198  17:29  Spore Crawler  
  196  17:30  Spore Crawler x2  
  196  17:32  Spore Crawler  
  196  17:36  Nydus Canal  
  193  17:43  Spire  
  189  17:53  Brood Lord x5  
  189  17:58  Spore Crawler x2  
  193  17:59  Brood Lord x2  
  193  18:00  Spore Crawler  
  193  18:01  Hydralisk  
  193  18:02  Hydralisk, Zergling x2  
  199  18:12  Nydus Canal  
  191  18:24  Hydralisk x3  
  191  18:25  Hydralisk x4  
  199  18:40  Hydralisk  
  199  18:41  Hydralisk x4  
  186  18:54  Hydralisk x4  
  190  18:59  Hydralisk, Zergling x2  
  190  19:00  Zergling x22  
  198  19:23  Hatchery  
Show
View Real Time Build Order
Export as new Build Order

llllllllllll Terran 

Build Orders:  

Get SALT Encoding   

  12  0:00  SCV  
  13  0:12  SCV  
  14  0:18  Supply Depot  
  14  0:25  SCV  
  15  0:39  SCV  
  15  0:41  Barracks  
  16  0:44  Refinery  
  16  0:51  SCV  
  17  1:01  Barracks  
  17  1:04  SCV  
  18  1:16  SCV  
  19  1:28  Reaper  
  19  1:29  Orbital Command  
  20  1:32  Refinery  
  20  1:39  Supply Depot  
  20  1:48  Reaper  
  21  1:55  SCV  
  22  2:02  Reaper  
  22  2:07  SCV  
  24  2:19  SCV  
  24  2:20  Reaper  
  26  2:32  Command Center, SCV  
  26  2:35  Reaper  
  28  2:49  SCV  
  28  2:50  Factory  
  29  2:52  Supply Depot  
  29  2:55  Reaper  
  30  3:01  SCV  
  32  3:22  SCV  
  33  3:31  Marine x2  
  34  3:34  Factory Reactor, SCV  
  34  3:35  Starport  
  35  3:43  Orbital Command  
  35  3:47  SCV  
  36  3:49  Marine x2  
  38  4:00  SCV  
  39  4:07  Marine x2  
  39  4:09  SCV  
  42  4:12  Hellion x2, Medivac  
  42  4:13  SCV  
  42  4:16  Supply Depot  
  49  4:21  SCV  
  49  4:22  Armory  
  50  4:25  Marine x2  
  53  4:35  Hellion  
  53  4:37  Hellion, SCV  
  53  4:38  Supply Depot, SCV  
  58  4:50  SCV x2  
  58  4:51  Starport Tech Lab  
  60  4:56  Hellion  
  62  5:00  Hellion  
  62  5:01  Supply Depot  
  62  5:02  SCV  
  62  5:06  SCV  
  66  5:10  Cloaking Field  
  66  5:11  Banshee  
  69  5:16  Command Center  
  69  5:23  Hellion x2  
  62  5:40  SCV x2  
  59  5:42  Refinery  
  59  5:43  Refinery  
  59  5:44  Hellion  
  59  5:45  Hellion  
  63  5:52  SCV  
  63  5:54  Armory, Banshee  
  63  5:56  SCV  
  68  5:57  Factory  
  68  5:58  Factory  
  68  6:04  SCV  
  68  6:08  SCV  
  70  6:11  Hellion  
  70  6:12  Hellion  
  70  6:17  SCV  
  75  6:20  SCV  
  75  6:23  Terran Vehicle Weapons Level 1  
  76  6:27  Supply Depot  
  76  6:29  SCV  
  76  6:32  SCV  
  79  6:33  Hellion x2  
  79  6:38  Orbital Command  
  79  6:46  Factory Tech Lab x2  
  79  6:47  Banshee  
  79  6:52  SCV  
  83  6:56  Hellion x2  
  83  6:59  Orbital Command  
  83  7:00  Hyperflight Rotors  
  87  7:07  Cyclone x2, Mag-Field Accelerator  
  93  7:10  SCV x2  
  93  7:14  Terran Vehicle And Ship Armor Level 1  
  95  7:19  Hellion x2  
  99  7:23  SCV  
  99  7:25  SCV  
  99  7:26  Infernal Pre-Igniter  
  101  7:36  Supply Depot  
  101  7:37  Supply Depot  
  101  7:39  SCV x2  
  101  7:42  Hellion x2  
  107  7:50  SCV  
  108  7:57  Hellion x4  
  108  7:58  Cyclone  
  111  8:04  Cyclone  
  111  8:05  SCV x3  
  117  8:08  Refinery  
  117  8:09  Hellion x2, Refinery  
  117  8:12  Banshee  
  124  8:17  SCV  
  125  8:26  Supply Depot x2  
  125  8:27  SCV x2  
  125  8:32  Cyclone, Factory x2  
  130  8:40  Cyclone  
  131  8:57  Banshee  
  131  9:01  Hellion x2  
  124  9:04  Siege Tank, SCV  
  124  9:05  Supply Depot  
  124  9:06  SCV  
  124  9:08  SCV  
  124  9:09  Terran Vehicle Weapons Level 2  
  106  9:12  Siege Tank  
  109  9:19  Factory Reactor  
  109  9:20  Factory Tech Lab  
  109  9:22  SCV  
  108  9:28  SCV  
  108  9:29  Hellion x2  
  113  9:32  SCV  
  113  9:36  Siege Tank  
  117  9:40  Siege Tank  
  117  9:44  Terran Vehicle And Ship Armor Level 2  
  120  9:46  Command Center, Siege Tank  
  120  9:52  Banshee  
  126  9:53  SCV  
  126  9:56  Hellion x2  
  126  9:58  Hellion x2  
  135  10:02  Supply Depot  
  134  10:15  Siege Tank  
  134  10:16  Engineering Bay  
  134  10:19  Command Center  
  140  10:21  Siege Tank  
  140  10:22  Hellion  
  140  10:27  Hellion  
  144  10:31  Siege Tank  
  144  10:32  Hellion  
  144  10:34  Banshee  
  152  10:37  Hellion  
  154  10:49  Siege Tank  
  157  10:50  Hellion x2  
  161  10:58  Siege Tank, Sensor Tower  
  164  11:07  Supply Depot  
  164  11:08  Hellion x2  
  164  11:09  Hellion  
  170  11:13  Hellion x2  
  170  11:15  Refinery  
  170  11:16  Refinery  
  174  11:23  Siege Tank  
  174  11:37  Hellion  
  174  11:39  Hellion x2  
  180  11:41  Siege Tank  
  180  11:43  Hellion  
  185  12:03  Siege Tank  
  185  12:04  Hellion  
  185  12:06  Banshee  
  193  12:10  Planetary Fortress  
  193  12:12  Terran Vehicle Weapons Level 3  
  193  12:22  Terran Vehicle And Ship Armor Level 3  
  193  12:26  Siege Tank  
  186  12:33  Siege Tank  
  133  12:51  Cyclone  
  133  12:52  Banshee  
  133  12:58  Hellion x2, Siege Tank  
  117  12:59  Hellion  
  117  13:03  Hellion  
  109  13:05  Cyclone  
  109  13:19  Hellion  
  113  13:20  Hellion x2  
  113  13:24  Hellion  
  113  13:25  Cyclone  
  120  13:33  Cyclone  
  123  13:35  Banshee, Command Center  
  123  13:37  Sensor Tower  
  129  13:41  Siege Tank  
  129  13:43  Hellion x3  
  135  13:52  Hellion  
  137  13:58  Cyclone  
  140  14:04  Hellion x3  
  140  14:05  Cyclone  
  149  14:13  Cyclone  
  150  14:17  Hellion  
  150  14:18  Banshee  
  151  14:26  Hellion x2  
  151  14:28  Hellion  
  151  14:30  Siege Tank  
  154  14:37  Siege Tank  
  157  14:45  Siege Tank  
  160  14:47  Factory x2  
  160  14:48  Factory  
  160  14:50  Planetary Fortress  
  160  14:55  Hellion x3  
  163  15:12  Banshee  
  162  15:15  Thor x2  
  163  15:22  Siege Tank  
  163  15:26  Hellion  
  168  15:34  Factory Reactor, Hellion x2  
  168  15:35  Factory Tech Lab x2  
  160  15:44  SCV x2  
  160  15:53  Hellion  
  160  15:54  Hellion  
  160  15:55  Siege Tank  
  165  15:57  Siege Tank x2  
  168  16:06  Siege Tank  
  138  16:12  Cyclone, Hellion x2  
  138  16:15  Hellion x2, Raven  
  151  16:25  Smart Servos  
  151  16:27  Cyclone  
  151  16:28  Hellion x2  
  151  16:29  Cyclone  
  161  16:37  Siege Tank  
  161  16:38  Hellion x3  
  161  16:39  Hellion, Siege Tank  
  172  16:49  Siege Tank  
  175  16:58  Banshee  
  175  16:59  Hellion  
  180  17:04  Thor  
  180  17:05  Hellion x2  
  190  17:10  Command Center  
  190  17:20  Hellion x2  
  191  17:23  Cyclone x3  
  194  17:38  Siege Tank  
  197  17:47  Siege Tank  
  192  17:56  Hellion x2  
  192  17:57  Cyclone  
  179  18:06  Cyclone, Hellion x2  
  186  18:15  Cyclone, Hellion x2  
  193  18:23  Cyclone  
  193  18:24  Hellion  
  174  18:28  Cyclone  
  174  18:29  Hellion x2  
  155  18:43  Thor  
  155  18:45  Hellion  
  155  18:46  Thor x2  
  151  18:59  Hellion  
  133  19:08  Hellion x2  
  129  19:20  SCV x2  
Tags
 
Add a new tag
Caveats
  • Supply blocks, unpowered buildings, or Contaminate may cause inaccurate times.
  • Supply counts are checked every 10 seconds.